Map: King's Cove LE

Players

RexRequired

  • Race: Terran Terran
  • Spawn Location: 11:00

A.I. 2 (Very Easy) - Winner!

  • Race: Terran Terran
  • Spawn Location: 5:00

VOD

Have the link to the VOD?

Description

Time

  • Played on: May 24, 2019, 5:58 p.m.
  • Length: 7:15
Show
View Real Time Build Order
Export as new Build Order

RexRequired Terran 

Build Orders: Reaper Expand 

Get SALT Encoding   

  12  0:00  SCV  
  13  0:12  SCV  
  14  0:17  Supply Depot  
  14  0:25  SCV  
  15  0:39  SCV  
  15  0:41  Barracks  
  16  0:44  Refinery  
  16  0:51  SCV  
  17  1:03  SCV  
  18  1:15  SCV  
  19  1:29  Orbital Command  
  19  1:30  Reaper  
  20  1:44  Command Center  
  20  1:54  Supply Depot  
  20  1:56  SCV  
  21  2:02  Marine  
  22  2:09  SCV  
  22  2:12  Factory  
  23  2:20  Refinery  
  23  2:21  SCV  
  24  2:24  Barracks Reactor  
  24  2:33  SCV  
  25  2:45  SCV  
  26  2:56  Widow Mine, Starport  
  26  2:57  SCV  
  29  2:59  Orbital Command  
  29  3:01  Marine x2  
  31  3:09  SCV  
  32  3:19  Marine x2  
  34  3:20  Factory Tech Lab  
  34  3:21  SCV  
  34  3:24  Barracks  
  34  3:26  SCV  
  36  3:33  SCV  
  37  3:37  Marine x2  
  37  3:39  Supply Depot  
  39  3:44  Factory Tech Lab  
  39  3:45  Barracks  
  39  3:47  SCV  
  40  3:48  SCV  
  40  3:53  Raven  
  40  3:55  Marine  
  43  3:56  Marine  
  43  4:02  Supply Depot  
  45  4:03  SCV  
  45  4:04  SCV  
  47  4:11  Bunker  
  47  4:15  Siege Tank  
  47  4:16  Marine  
  51  4:18  Marine  
  51  4:20  SCV  
  51  4:22  SCV  
  53  4:25  Supply Depot  
  53  4:31  Engineering Bay  
  53  4:32  Refinery  
  53  4:39  Marine x2  
  53  4:41  SCV x2  
  57  4:46  Stimpack  
  57  4:47  Starport Reactor  
  57  4:50  Marine  
  58  4:53  Marine  
  58  4:55  SCV  
  58  4:57  SCV, Marine x2  
  58  4:58  Factory Reactor  
  63  5:00  Supply Depot  
  63  5:04  Terran Infantry Weapons Level 1  
  63  5:08  Marine  
  63  5:11  Marine  
  63  5:13  SCV  
  63  5:14  SCV  
  67  5:15  Marine x2  
  67  5:16  Combat Shield  
  69  5:21  Refinery  
  69  5:23  Supply Depot  
  69  5:27  SCV, Supply Depot  
  70  5:29  SCV  
  70  5:32  Marine  
  70  5:33  Marine  
  73  5:36  Marauder  
  73  5:37  Marauder  
  77  5:45  Widow Mine x2, Supply Depot  
  81  5:50  SCV, Supply Depot  
  81  5:51  SCV  
  81  5:52  Marine x2  
  87  5:57  Medivac x2  
  87  6:02  Marauder  
  91  6:04  Marauder  
  91  6:08  SCV, Supply Depot  
  91  6:10  SCV  
  95  6:12  Marine x2  
  95  6:16  Widow Mine  
  95  6:18  Widow Mine  
  101  6:21  Supply Depot  
  101  6:24  Supply Depot  
  101  6:27  Marauder  
  101  6:28  Marauder  
  105  6:33  Marine x2  
  107  6:43  Command Center  
  107  6:44  Widow Mine x2  
  111  6:51  Marine x2  
  111  6:53  Marauder  
  121  7:08  Supply Depot  
Show
View Real Time Build Order
Export as new Build Order

A.I. 2 (Very Easy) Terran - Winner!

Build Orders:  

Get SALT Encoding   

  12  0:00  SCV  
  13  0:13  SCV  
  14  0:19  Supply Depot  
  14  0:38  Refinery  
  14  0:43  Barracks  
  14  1:07  Supply Depot  
  14  1:14  Refinery  
  14  1:30  Marine  
  14  1:32  Orbital Command  
  15  1:58  SCV  
  16  2:10  SCV  
  17  2:18  Marine  
  17  2:22  SCV  
  19  2:34  SCV  
  20  2:37  Barracks Tech Lab  
  20  2:46  SCV  
  21  2:58  SCV  
  22  3:06  Marauder  
  24  4:11  SCV  
  24  6:50  SCV  
  24  6:51  Marine  
  24  6:53  Supply Depot  
  26  6:55  Factory  
  26  6:59  Command Center  
  26  7:02  SCV  
Tags
 
Matchup
TvT
Race
Terran
Spawn Locations
Cross Positions
Add a new tag
Caveats
  • Supply blocks, unpowered buildings, or Contaminate may cause inaccurate times.
  • Supply counts are checked every 10 seconds.